 Dungeon Crawl Stone Soup version 0.31.0-9-g3a7656b989 (webtiles) character file.

Game seed: 4281672280348582671

254 Doomgape the Ruffian (level 5, -4/41 HPs)
             Began as a Demonspawn Shapeshifter on Feb 3, 2024.
             Slain by Crazy Yiuf
             ... wielding a +4 quarterstaff of chaos
              (10 damage)
             ... on level 3 of the Dungeon.
             The game lasted 00:07:06 (1903 turns).

Doomgape the Ruffian (Demonspawn Shapeshifter)      Turns: 1903, Time: 00:07:06

Health: -4/41      AC:  8    Str: 17    XL:     5   Next: 90%
Magic:  5/5        EV: 12    Int: 10    God:
Gold:   259        SH:  0    Dex: 12    Spells: 4/4 levels left

rFire   . .          .
                       - Unarmed
rCold   . . .        (no shield)
rNeg    . . .        a - +0 animal skin
rPois   .            (helmet currently unavailable)
rElec   .            (cloak currently unavailable)
rCorr   .            (gloves currently unavailable)
SInv    +            (boots currently unavailable)
Will    .....        (no amulet)
Stlth   +            f - ring of see invisible
HPRegen 0.26/turn    (no ring)
MPRegen 0.09/turn

%: no passive effects
@: beast-form, sanguine armoured
A: beast (slay +2), hooves 1, powered by pain 1, sanguine armour 1
a: Begin Untransformation


You were on level 3 of the Dungeon.
You were a hulking beast.
You visited 1 branch of the dungeon, and saw 3 of its levels.

You collected 259 gold pieces.

Inventory:

Hand Weapons
 g - a +2 dagger of speed
Armour
 a - a +0 animal skin (worn)
Magical Staves
 i - a staff of conjuration
Jewellery
 f - a ring of see invisible (left hand)
Talismans
 c - a beast talisman (active)
 d - a flux talisman
 e - a blade talisman
Potions
 b - 2 potions of lignification


   Skills:
 + Level 3.3 Fighting
 - Level 2.1 Dodging
 + Level 4.0 Unarmed Combat
 + Level 3.8 Shapeshifting


You had 4 spell levels left.
You didn't know any spells.
Your spell library contained the following spells:

 Spells                   Type           Power      Damage    Failure   Level
 Summon Blazeheart Golem  Fire/Summ      0%         N/A       98%         4
 Orb of Destruction       Conj           0%         9d5       100%        7
 Spellforged Servitor     Conj/Summ      0%         N/A       100%        7


Dungeon Overview and Level Annotations

Branches:
Dungeon (3/15)

Altars:

Shops:
D:2 (

Annotations:
D:3 Crazy Yiuf


Innate Abilities, Weirdness & Mutations

You are a hulking beast.
Your limbs bulge with bestial killing power. (Slay +2)
You have large cloven feet.
You sometimes gain a little power by taking damage.
When seriously injured, your blood forms armour. (AC +6)


Message History

Crazy Yiuf is heavily wounded.
Crazy Yiuf hits you with a +4 quarterstaff of chaos!
* * * LOW HITPOINT WARNING * * *
Your transformation has ended.
Your +0 animal skin unmelds from your body.
You turn into a filthy swine.
Your +0 animal skin melds into your body.
Your ring of see invisible melds into your body.
Your transformation is almost over.
You feel less porcine.
Your +0 animal skin unmelds from your body.
Your ring of see invisible unmelds from your body.
You turn into something dangerously unstable.
Your +0 animal skin melds into your body.
You begin transforming.
You continue transforming. x3
Your transformation has ended.
Your +0 animal skin unmelds from your body.
You turn into a hulking beast.
Your blood armour dries and flakes away.
You hit Crazy Yiuf but do no damage. You kick Crazy Yiuf.
Crazy Yiuf is heavily wounded.
Crazy Yiuf barely misses you.
You barely miss Crazy Yiuf. Your kick misses Crazy Yiuf.
Crazy Yiuf is heavily wounded.
Crazy Yiuf closely misses you.
You hit Crazy Yiuf. Your kick misses Crazy Yiuf.
Crazy Yiuf is severely wounded.
Crazy Yiuf misses you.
You hit Crazy Yiuf. Your kick misses Crazy Yiuf.
Crazy Yiuf is almost dead.
Crazy Yiuf closely misses you.
You hit Crazy Yiuf but do no damage. Your kick misses Crazy Yiuf.
Crazy Yiuf is almost dead.
Crazy Yiuf hits you with a +4 quarterstaff of chaos!
Your blood congeals into armour.
Crazy Yiuf burns you!
* * * LOW HITPOINT WARNING * * *
You barely miss Crazy Yiuf.
Crazy Yiuf is almost dead.
Crazy Yiuf hits you with a +4 quarterstaff of chaos!
You die...

###########
#.........#######
#.........+.....
#.........##..#
#####.........#
########.#.#.....######
..........hg...........
########'###.##..#######.##
#.............).........
#.......#.##.#.######.##
#.......#.##...#
#.......#......# #####
###.......######.# ....#
#.....##### #.# .# ....#
#...g.# ########.# .#


You could see Crazy Yiuf.

Vanquished Creatures
  Sigmund (D:3)
  Terence (D:2)
  2 adders
  3 dart slugs
  A ribbon worm (D:3)
  4 ball pythons
  6 bats
  2 endoplasms (D:1)
  2 giant cockroaches
  8 goblins
  3 hobgoblins (D:2)
  2 quokkas
  3 frilled lizards
  3 rats
41 creatures vanquished.

Notes
Turn   | Place    | Note
-------+----------+-------------------------------------------
     0 | D:1      | Doomgape the Demonspawn Shapeshifter began the quest for
                  | the Orb.
     0 | D:1      | Reached XP level 1. HP: 15/15 MP: 1/1
    61 | D:1      | Gained mutation: When seriously injured, your blood forms
                  | armour. (AC +6) [demonic ancestry]
    61 | D:1      | Reached XP level 2. HP: 15/21 MP: 2/2
   497 | D:1      | Reached skill level 3 in Unarmed Combat
   808 | D:2      | Gained mutation: You sometimes gain a little power by
                  | taking damage. [demonic ancestry]
   808 | D:2      | Reached XP level 3. HP: 27/27 MP: 3/3
   926 | D:2      | Found Ethryrch's Antique Weapon Emporium.
  1273 | D:2      | Noticed Terence
  1289 | D:2      | Killed Terence
  1290 | D:2      | Gained mutation: You have large cloven feet. [demonic
                  | ancestry]
  1290 | D:2      | Reached XP level 4. HP: 21/33 MP: 4/4
  1529 | D:3      | Noticed Sigmund
  1555 | D:3      | Killed Sigmund
  1556 | D:3      | Reached skill level 4 in Unarmed Combat
  1556 | D:3      | Reached XP level 5. HP: 29/41 MP: 5/5
  1836 | D:3      | Found a runed translucent door.
  1837 | D:3      | Noticed Crazy Yiuf
  1903 | D:3      | Slain by Crazy Yiuf

Illustrated notes

Levels and vault maps discovered:
D:1:      roadster_arrival_rocket_small, layout_loops_ring, st_stairs_14,
          serial_bayou_pond_a
D:2:      layout_rooms, serial_shops, nicolae_square_shop, grunt_ministairs_6,
          uniq_terence
D:3:      layout_basic, ebering_ecumenical_altar_sacrificial, uniq_sigmund,
          uniq_crazy_yiuf_cottage

Skill      XL: |  1  2  3  4 |
---------------+-------------+-----
Dodging        | 2 |  2.1
Unarmed Combat | 3 4 |  4.0
Shapeshifting  | 3 |  3.8
Fighting       | 2 3 |  3.3

Action                     |  1- 3 |  4- 6 || total
---------------------------+-------+-------++-------
  Melee: Unarmed           |   118 |    35 ||   153
         Punch             |     2 |     2 ||     4
         Kick              |       |    12 ||    12
    Use: Scroll            |     4 |       ||     4
         Potion            |       |     3 ||     3
   Stab: Distracted        |     1 |       ||     1
 Armour: Animal skin       |    46 |     8 ||    54
         Skin              |       |     7 ||     7
  Dodge: Dodged            |    88 |    21 ||   109
   Form: Blade             |       |     1 ||     1
         Beast             |       |     1 ||     1
         Flux              |       |     1 ||     1
